 Dungeon Crawl Stone Soup version 0.29-a0-1023-g6ae1a4a2c7 (webtiles) character file.

Game seed: 9028398147652852752

261 ragingrage the Chopper (level 5, 0/45 HPs)
             Began as a Minotaur Delver on Aug 11, 2022.
             Succumbed to a hornet's poison
             ... while paralysed by a hornet
             ... on level 8 of the Dungeon.
             The game lasted 00:03:04 (771 turns).

ragingrage the Chopper (Minotaur Delver)             Turns: 771, Time: 00:03:05

Health: 0/45       AC:  9    Str: 19    XL:     5   Next: 96%
Magic:  4/4        EV:  2    Int:  7    God:
Gold:   59         SH:  0    Dex: 11    Spells: 4/4 levels left

rFire   . . .      SeeInvis .   a - +0 hand axe
rCold   + . .      Faith    .   (no shield)
rNeg    . . .      Spirit   .   r - +0 scale mail {rC+}
rPois   .          Reflect  .   (helmet restricted)
rElec   .          Harm     .   (no cloak)
rCorr   .          Rampage  .   l - +2 pair of gloves
Will    .....                   (no boots)
Stlth   +.........              (no amulet)
HPRegen 0.15/turn               (no ring)
MPRegen 0.09/turn               (no ring)

@: paralysed, lethally poisoned (0 -> -18), slowed
A: horns 2, retaliatory headbutt
a: no special abilities


You were on level 8 of the Dungeon.
You visited 1 branch of the dungeon, and saw 4 of its levels.

You collected 59 gold pieces.

Inventory:

Hand Weapons
 a - a +0 hand axe (weapon)
 b - a +1 whip of electrocution
 p - a +4 dagger
Missiles
 q - 15 poisoned darts (quivered)
 s - 3 boomerangs
Armour
 l - a +2 pair of gloves (worn)
 r - a +0 scale mail of cold resistance (worn)
Wands
 k - a wand of iceblast (10)
 m - a wand of mindburst (4)
Scrolls
 c - a scroll of fog
 d - a scroll of magic mapping
 e - a scroll of fear
 n - a scroll of silence {unknown}
 v - a scroll of immolation {unknown}
Potions
 f - a potion of haste
 h - a potion of berserk rage {unknown}
 i - 2 potions of brilliance {unknown}
 o - a potion of curing {unknown}
 t - a potion of flight {unknown}
 u - a potion of attraction {unknown}


   Skills:
 - Level 3.6 Fighting
 + Level 7.6 Axes
 - Level 2.1 Dodging
 - Level 4.1 Stealth


You had 4 spell levels left.
You didn't know any spells.
Your spell library was empty.

Dungeon Overview and Level Annotations

Branches:
Dungeon (8/15)
 Temple: D:4-7         Lair: D:8-11

Altars:

Annotations:
D:5 exclusion: downstairs
D:8 exclusion: upstairs


Innate Abilities, Weirdness & Mutations

You have a pair of horns on your head.
You reflexively headbutt those who attack you in melee.


Message History

Found a pair of boots, 37 gold pieces and a wand of digging (5).
Unknown command.
You start resting.
A vampire mosquito comes into view.
A vampire mosquito comes into view.
You open the door.
There is an open door here.
As you open the door, it creaks loudly!
Found 14 gold pieces.
There is an open door here.
You now have 59 gold pieces (gained 14).
A hornet comes into view.
The hornet buzzes angrily.
Aiming: Mindburst
Press: ? - help, Shift-Dir - straight line, f - hornet
Aim: a hornet (chance to affect: 55%)
The hornet's mind is blasted!
You don't have any such object.
Evoke which item? (* to show all) (? for menu, Esc to quit)
Aiming: Mindburst
Press: ? - help, Shift-Dir - straight line, f/p - hornet
Aim: a hornet (moderately wounded, chance to affect: 55%)
The hornet resists with significant effort.
The hornet stings you.
You feel yourself slow down.
Aiming: Mindburst
Press: ? - help, Shift-Dir - straight line, f/p - hornet
Aim: a hornet (moderately wounded, chance to affect: 55%)
The hornet's mind is blasted!!
The hornet stings you!
You are poisoned.
You feel as though you will be slow longer.
The hornet stings you!
You feel as though you will be slow longer.
The hornet stings you.
You are lethally poisoned!
You suddenly lose the ability to move!
You feel very sick. The hornet stings you!
* * * LOW HITPOINT WARNING * * *
You feel as though you will be slow longer.
You die...

###### #.....# +.
#.....# #...#.....# ..
#...#.....# .... #...+
....# .... #..# #..#
#..#
#######+##..###..###..##
......y@......'........#
..............#........+
..............#........#
..............#........#
..............#........#
#..############.####'###
#.. #.####.### ..
...#....#. ... #....#.


You could see a hornet.

Vanquished Creatures
  A centaur (D:7)
  A kobold brigand (D:7)
  A wight (D:7)
  An iguana (D:7)
  An orc wizard (D:7)
  4 orcs (D:7)
  4 kobolds (D:7)
13 creatures vanquished.

Notes
Turn   | Place    | Note
-------+----------+-------------------------------------------
     0 | D:5      | ragingrage the Minotaur Delver began the quest for the Orb.
     0 | D:5      | Reached XP level 1. HP: 19/19 MP: 0/0
    88 | D:6      | Noticed a scorpion
   124 | D:6      | You fall into a shaft and drop 2 floors!
   140 | D:8      | Noticed a black bear
   164 | D:7      | Noticed a skeletal warrior
   164 | D:7      | Noticed a skeletal warrior
   164 | D:7      | Noticed a skeletal warrior
   164 | D:7      | Noticed a skeletal warrior
   164 | D:7      | Noticed a centaur
   232 | D:7      | Noticed a kobold brigand
   243 | D:7      | Noticed an iguana
   255 | D:7      | Killed an iguana
   256 | D:7      | Reached skill level 4 in Axes
   256 | D:7      | Reached XP level 2. HP: 26/26 MP: 1/1
   335 | D:7      | Noticed a centaur
   340 | D:7      | Reached XP level 3. HP: 31/31 MP: 2/2
   344 | D:7      | Killed a centaur
   345 | D:7      | Reached skill level 5 in Axes
   345 | D:7      | Reached XP level 4. HP: 33/39 MP: 3/3
   433 | D:7      | Reached skill level 6 in Axes
   444 | D:7      | Reached XP level 5. HP: 31/45 MP: 4/4
   570 | D:7      | Reached skill level 7 in Axes
   735 | D:8      | Noticed a vampire mosquito
   736 | D:8      | Noticed a vampire mosquito
   765 | D:8      | Noticed a hornet
   769 | D:8      | Paralysed by a hornet for 3 turns
   771 | D:8      | Succumbed to a hornet's poison

Illustrated notes

Levels and vault maps discovered:
D:5:      layout_loops_ring, nrook_mini_vaults, uniq_sigmund, uniq_edmund
D:6:      layout_rooms, mainiacjoe_overflow_boulevard,
          mainiacjoe_overflow_small_starburst, serial_co_window_serial,
          co_window_paths_b, co_window_corner_a, co_window_paths_b,
          co_window_paths_b, co_window_paths_b, co_window_corner_a,
          co_window_paths_a, co_window_corner_b, co_window_of_opportunity_b,
          co_window_paths_c, glass_columns_a, glass_columns_b, glass_columns_a,
          glass_columns_b
D:7:      layout_rooms, chequers_temple_overflow_statue_of_worship,
          corexii_item_surrounded_by_moat, kennysheep_generic_room_13,
          uniq_pikel
D:8:      layout_gridville

Skill      XL: |  1  2  3  4  5 |
---------------+----------------+-----
Axes           | 4 5 6 7 |  7.6
Fighting       | |  3.6
Dodging        | |  2.1
Stealth        | |  4.1

Action                   |  1- 3 |  4- 6 || total
-------------------------+-------+-------++-------
Melee: Hand axe          |    13 |    30 ||    43
       Headbutt          |     4 |     6 ||    10
       Punch             |       |     1 ||     1
       Whip              |       |     9 ||     9
Throw: Dart              |       |     2 ||     2
Evoke: Wand              |     3 |     9 ||    12
  Use: Scroll            |       |     1 ||     1
Armor: Leather armour    |     7 |     3 ||    10
       Scale mail        |       |     9 ||     9
Dodge: Dodged            |    12 |    13 ||    25

Table legend: (Time is in decaauts)
 A = Elapsed time spent in this place.
 B = Non-inter-level travel time spent in this place.
 C = Inter-level travel time spent in this place.
 D = Time resting spent in this place.
 E = Time spent auto-exploring this place.
 F = Levels seen in this place.
 G = Mean time per level.
                   A        B        C        D        E       F      G
               +--------+--------+--------+--------+--------+-----+--------+
         Total |    769 |    723 |     46 |    215 |    101 |   4 |  192.2 |
       Dungeon |    769 |    723 |     46 |    215 |    101 |   4 |  192.2 |
               +--------+--------+--------+--------+--------+-----+--------+

Top non-repeatable levels by time:
     D:7: 491 daAuts
     D:8: 154 daAuts
     D:5: 117 daAuts
     D:6: 6 daAuts
